 Dungeon Crawl Stone Soup version 0.23-a0-319-gb40ba49 (webtiles) character file.

158 HDogLeCool the Skirmisher (level 5, -10/43 HPs)
             Began as a Demonspawn Monk on Oct 14, 2018.
             Mangled by Blork the orc
             ... wielding a +2 battleaxe of chopping
              (14 damage)
             ... on level 4 of the Dungeon.
             The game lasted 00:12:05 (2504 turns).

HDogLeCool the Skirmisher (Demonspawn Monk)         Turns: 2504, Time: 00:12:06

Health: -10/43     AC:  5    Str: 12    XL:     5   Next: 16%
Magic:  5/5        EV: 13    Int: 11    God:
Gold:   174        SH:  0    Dex: 16    Spells: 4/4 levels left

rFire    . . .     SeeInvis .   a - +0 falchion
rCold    + . .     Gourm    .   (no shield)
rNeg     . . .     Faith    .   o - +0 leather armour (curse)
rPois    .         Spirit   .   (helmet restricted)
rElec    .         Reflect  .   (no cloak)
rCorr    .         Harm     .   (no gloves)
MR       .....                  (no boots)
Stlth    ++........             j - amulet of regeneration
HPRegen  0.54/turn              v - ring of protection from cold
MPRegen  0.09/turn              (no ring)

@: no status effects
A: horns 1, icy blue scales 1
a: no special abilities


You were on level 4 of the Dungeon.
You were not hungry.

You visited 1 branch of the dungeon, and saw 4 of its levels.

You collected 174 gold pieces.

Inventory:

Hand Weapons
 a - a +0 falchion (weapon)
Missiles
 h - 47 stones (quivered)
Armour
 d - a +0 scale mail
 o - a cursed +0 leather armour (worn)
Jewellery
 j - an amulet of regeneration (around neck)
 v - a ring of protection from cold (left hand)
Scrolls
 e - 2 scrolls of immolation
 g - a scroll of fog {unknown}
 i - a scroll of teleportation {unknown}
 q - a scroll of identify
 r - a scroll of remove curse {unknown}
 s - a scroll of enchant weapon {unknown}
Potions
 b - a potion of haste {unknown}
 f - 2 potions of curing {unknown}
 k - a potion of berserk rage {unknown}
 l - a potion of magic {unknown}
 m - a potion of degeneration {unknown}
 p - 2 potions of ambrosia {unknown}
 t - a potion of might {unknown}
 u - a potion of mutation {unknown}
Comestibles
 c - 5 rations
 n - 4 chunks of flesh


   Skills:
 + Level 4.4 Fighting
 + Level 3.6 Long Blades
 - Level 0.2 Throwing
 - Level 0.4 Armour
 * Level 3.5 Dodging
 - Level 1.7 Stealth


You had 4 spell levels left.
You didn't know any spells.
Your spell library was empty.

Dungeon Overview and Level Annotations

Branches:
Dungeon (4/15)
 Temple: D:4-7

Altars:

Annotations:
D:4 Blork the orc


Innate Abilities, Weirdness & Mutations

You have a pair of small horns on your head.
You are partially covered in icy blue scales. (AC +2)


Message History

Blork the orc is lightly wounded.
You hit Blork the orc.
Blork the orc is lightly wounded.
Blork the orc hits you with a battleaxe of chopping!
You closely miss Blork the orc.
Blork the orc is lightly wounded.
Blork the orc hits you with a battleaxe of chopping!
* * * LOW HITPOINT WARNING * * *
x2
Okay, then.
Press: ? - help, v - describe, . - travel The floor.
Blork the orc casts a spell.
Blork the orc seems to speed up.
Blork the orc looks encouraged for a moment.
Blork the orc casts a spell at you. The magic dart hits you!
* * * LOW HITPOINT WARNING * * *
Okay, then.
Blork the orc hits you with a battleaxe of chopping!
You die...

. ##. #.. .. #.#
.... ####.### .....#
##......## ......###
#.....@..#
........###....o####
.........###...##
...........##.##
........#.....#
.........##...#
.........###.##
.........# ##.##
........## ##..#


You could see Blork the orc.

Vanquished Creatures
  A bullfrog (D:2)
  A centaur skeleton (D:4)
  2 adders (D:3)
  An adder skeleton (D:4)
  3 worms
  2 dart slugs (D:1)
  A leopard gecko (D:2)
  5 hobgoblins
  3 jackals (D:3)
  A quokka (D:3)
  4 bats
  A frilled lizard (D:3)
  2 goblins
  8 kobolds
  2 rats
37 creatures vanquished.

Notes
Turn   | Place    | Note
-------+----------+-------------------------------------------
     0 | D:1      | HDogLeCool the Demonspawn Monk began the quest for the Orb.
     0 | D:1      | Reached XP level 1. HP: 18/18 MP: 1/1
   542 | D:1      | Gained mutation: You are partially covered in icy blue
                  | scales. (AC +2) [demonic ancestry]
   542 | D:1      | Reached XP level 2. HP: 18/24 MP: 2/2
  1216 | D:2      | Noticed a bullfrog
  1398 | D:2      | Killed a bullfrog
  1398 | D:2      | Reached skill level 4 in Fighting
  1398 | D:2      | Gained mutation: You have a pair of small horns on your
                  | head. [demonic ancestry]
  1398 | D:2      | Reached XP level 3. HP: 27/30 MP: 3/3
  1398 | D:2      | Reached XP level 4. HP: 34/37 MP: 4/4
  2349 | D:4      | Reached XP level 5. HP: 41/43 MP: 5/5
  2479 | D:4      | Noticed Blork the orc
  2500 | D:4      | HP: 2/43 [Blork the orc/magic dart (8)]
  2504 | D:4      | Mangled by Blork the orc

Vault maps used:
D:1:      minmay_arrival_up_and_down
D:2:      minmay_wonky_spiral, first_ration
D:3:      lemuel_round_altar, gammafunk_temple_overflow_elements,
          kennysheep_slug_shrine, uniq_terence
D:4:      lemuel_coloured_pillars_altar, gammafunk_temple_overflow_pools,
          chequers_serial_rivers_small_b, uniq_blork_the_orc

Skill      XL: |  1  2 |
---------------+-------+-----
Fighting       | 4 |  4.4
Long Blades    | 3 |  3.6
Dodging        | 3 |  3.5
Throwing       | |  0.2
Armour         | |  0.4
Stealth        | |  1.7

Action                   |  1- 3 |  4- 6 || total
-------------------------+-------+-------++-------
Melee: Falchion          |    58 |    63 ||   121
       Headbutt          |       |    22 ||    22
Throw: Stone             |     5 |    10 ||    15
  Use: Scroll            |       |     2 ||     2
 Stab: Sleeping          |     1 |     2 ||     3
  Eat: Chunk             |     1 |     4 ||     5
Armor: Robe              |     9 |       ||     9
       Scale mail        |    14 |     2 ||    16
       Leather armour    |       |    15 ||    15
Dodge: Dodged            |    38 |    68 ||   106
       Rpst.: Falchion   |     9 |    15 ||    24

Table legend:
 A = Non-vault XP
 B = Vault XP
 C = Vault XP percentage of total XP
 D = Non-vault monster count
 E = Vault monster count
 F = Vault count percentage of total count
                 A         B        C        D         E       F
            +---------+---------+-------+---------+---------+-------
      Total |     220 |       7 |   3.1 |      35 |       2 |   5.4
            +---------+---------+-------+---------+---------+-------
        D:1 |      24 |       0 |   0.0 |      14 |       0 |   0.0
        D:2 |     101 |       7 |   6.5 |       8 |       2 |  20.0
        D:3 |      49 |       0 |   0.0 |      11 |       0 |   0.0
        D:4 |      46 |       0 |   0.0 |       2 |       0 |   0.0
            +---------+---------+-------+---------+---------+-------
